cohdb
Replays
Latest Replays
All Replays
Popular Replays
Top Player Replays
Match Explorer
How It Works
Community
CoH3 Stats
Reddit
Sign in to upload your games and track your stats! →
Sign in with Steam
Match 40254225
Unlisted
Match 40254225
Overview
Messages
Build Orders
End
Kettenkrad Recon Vehicle
Construct Infanterie Kompanie
Grenadier Squad
Selects Mechanized Battlegroup
Selects Mechanized Battlegroup
Grenadier Squad
MG 42 Machine Gun Team
Construct Luftwaffe Kompanie
Jäger Squad
Selects Raid Package
Medical Bunker
Jäger Squad
Selects 8 Rad Armored Car
8 Rad Armored Car
Construct Panzer Kompanie
Selects UNKNOWN (2160084)
Panzer IV Medium Tank
Selects Mobile Repair Stations
Selects Wespe Self-propelled Artillery
J3WN1AL8T0R
DibbeTC
0
0
Comments
sign in to comment!
No comments posted yet!